Map: Blackpink LE

Players

secuRe - Winner!

  • Race: Zerg Zerg
  • League: Diamond
  • Spawn Location: 1:00

Davee

  • Race: Terran Terran
  • League: Diamond
  • Spawn Location: 7:00

VOD

Have the link to the VOD?

Description

zerg vs terran

Time

  • Played on: Dec. 2, 2017, 12:08 p.m.
  • Length: 19:35
Show
View Real Time Build Order
Export as new Build Order

secuRe Zerg - Winner!

Build Orders: Hatch First, Muta Ling Bane 

Get SALT Encoding   

  12  0:01  Drone  
  13  0:21  Overlord  
  13  0:23  Drone  
  14  0:39  Drone  
  14  0:40  Drone  
  16  0:48  Drone  
  17  0:55  Drone  
  18  1:00  Hatchery  
  17  1:11  Spawning Pool  
  17  1:15  Drone  
  17  1:27  Extractor  
  17  1:29  Drone x2  
  18  1:36  Drone  
  19  1:56  Overlord  
  19  2:00  Queen  
  21  2:01  Zergling x2  
  22  2:13  Zergling x2  
  23  2:16  Queen  
  23  2:17  Drone  
  23  2:20  Drone  
  27  2:24  Drone  
  28  2:30  Metabolic Boost  
  27  2:41  Queen  
  29  2:51  Overlord  
  28  2:52  Queen, Drone x3  
  33  3:02  Drone x2  
  35  3:10  Drone, Overlord  
  36  3:17  Drone x2, Pneumatized Carapace  
  38  3:20  Overlord  
  38  3:22  Drone  
  38  3:25  Drone  
  41  3:27  Drone  
  41  3:35  Zergling x4  
  41  3:40  Drone x2  
  45  3:45  Overlord  
  45  3:49  Extractor  
  45  3:51  Extractor, Drone x2  
  45  3:52  Drone x2  
  47  4:07  Hatchery  
  47  4:09  Lair  
  46  4:10  Drone x2  
  48  4:19  Overlord  
  48  4:22  Zergling x8  
  50  4:42  Zergling x6  
  50  4:43  Zergling x2  
  54  4:48  Drone x3  
  54  4:50  Evolution Chamber  
  54  4:51  Evolution Chamber  
  51  5:01  Zergling x2  
  51  5:02  Zergling x4  
  51  5:06  Baneling Nest  
  53  5:09  Drone  
  54  5:15  Drone  
  54  5:20  Queen  
  57  5:23  Drone x2  
  57  5:24  Spire  
  57  5:25  Drone x2  
  57  5:26  Drone x3  
  64  5:28  Drone  
  64  5:36  Drone  
  64  5:37  Drone  
  64  5:42  Drone x2  
  68  5:47  Spore Crawler  
  68  5:48  Spore Crawler  
  66  5:50  Spore Crawler  
  61  5:59  Zergling x8  
  64  6:04  Overseer  
  64  6:08  Drone x9  
  64  6:11  Extractor  
  72  6:15  Extractor  
  68  6:27  Drone x2  
  68  6:28  Drone x3  
  68  6:29  Drone  
  74  6:36  Zerg Flyer Weapons Level 1  
  74  6:37  Extractor, Drone  
  74  6:38  Overlord  
  74  6:39  Overlord x3  
  74  6:44  Hatchery  
  73  6:49  Drone  
  74  6:56  Baneling x9  
  74  6:57  Centrifical Hooks  
  74  6:59  Drone x3  
  77  7:09  Queen  
  77  7:11  Hatchery  
  77  7:12  Zergling x20  
  88  7:21  Overlord  
  88  7:22  Overlord  
  88  7:49  Drone  
  89  7:55  Overseer x2  
  89  7:57  Mutalisk x8  
  89  7:58  Mutalisk x4  
  113  8:07  Hatchery  
  107  8:13  Drone x12  
  119  8:27  Mutalisk x3  
  119  8:29  Overlord x2  
  119  8:30  Overlord x3  
  119  8:32  Extractor  
  124  8:34  Extractor  
  123  8:49  Drone x3  
  123  8:50  Drone x3  
  129  9:15  Zergling x18  
  129  9:16  Zergling x28  
  152  9:19  Baneling x4  
  152  9:20  Baneling x9  
  150  9:27  Zergling x16  
  145  9:42  Zergling x18  
  97  10:08  Zergling x28  
  106  10:20  Zergling x2  
  110  10:21  Zergling x22  
  116  10:32  Baneling x10  
  116  10:33  Baneling x12, Zergling x2  
  116  10:34  Zergling x20  
  124  11:01  Mutalisk x5  
  124  11:02  Mutalisk x10  
  124  11:03  Hatchery  
  143  11:30  Zergling x26  
  143  11:31  Zergling x6  
  147  11:57  Overseer  
  147  11:58  Zerg Flyer Weapons Level 2  
  147  12:00  Zerg Ground Armor Level 1, Zerg Melee Weapons Level 1  
  146  12:06  Drone x9  
  149  12:31  Infestation Pit  
  141  12:47  Hatchery x2  
  135  12:59  Mutalisk x12  
  135  13:00  Mutalisk x3  
  139  14:03  Zergling x28  
  139  14:04  Zergling x50  
  139  14:08  Zerg Ground Armor Level 2, Zerg Melee Weapons Level 2  
  178  14:15  Overlord  
  178  14:16  Overlord x3  
  178  14:18  Baneling x17  
  178  14:19  Baneling x6  
  177  14:33  Queen  
  128  15:07  Drone x2  
  128  15:08  Drone x4  
  128  15:11  Extractor  
  128  15:13  Extractor x2  
  131  15:14  Spine Crawler  
  131  15:15  Spine Crawler, Spore Crawler  
  128  15:56  Drone x3  
  128  15:57  Extractor, Drone x3  
  130  15:59  Drone x3  
  130  16:00  Drone x3  
  139  16:04  Spine Crawler  
  139  16:05  Spine Crawler  
  139  16:08  Zerg Flyer Armor Level 1  
  139  16:09  Spine Crawler  
  139  16:10  Hive  
  136  16:11  Spine Crawler  
  136  16:14  Zergling x8  
  136  16:15  Zergling x58  
  168  16:55  Zerg Missile Weapons Level 1  
  168  16:59  Baneling x2  
  168  17:00  Baneling x29  
  168  17:01  Baneling x11  
  168  17:22  Drone  
  169  17:23  Drone  
  169  17:26  Swarm Host  
  169  17:27  Spine Crawler x2, Swarm Host x9  
  196  18:17  Swarm Host  
  199  18:29  Spine Crawler  
  189  18:55  Swarm Host x2, Infestor  
Show
View Real Time Build Order
Export as new Build Order

Davee Terran 

Build Orders: Reaper Expand, Hellion Banshee, Mech 

Get SALT Encoding   

  12  0:00  SCV  
  13  0:13  SCV  
  14  0:18  Supply Depot  
  14  0:25  SCV  
  15  0:30  Refinery  
  15  0:40  SCV  
  16  0:45  Barracks  
  16  0:52  SCV  
  17  1:04  SCV  
  18  1:16  SCV  
  19  1:33  Reaper  
  19  1:34  Orbital Command  
  20  1:44  Command Center  
  20  1:56  Factory  
  20  2:01  SCV  
  21  2:10  Refinery, Barracks Reactor  
  21  2:17  Supply Depot  
  21  2:18  SCV  
  22  2:30  SCV  
  23  2:48  SCV  
  24  2:58  Hellion x2, Orbital Command, Starport  
  28  3:01  SCV  
  29  3:12  Barracks Tech Lab  
  29  3:13  SCV  
  30  3:22  Hellion x2  
  34  3:28  SCV x2  
  36  3:40  SCV x2  
  38  3:43  Hellion x2  
  38  3:46  Supply Depot  
  38  3:48  Viking  
  44  3:54  SCV x2  
  46  4:05  Command Center  
  46  4:08  Cloaking Field, SCV  
  47  4:21  SCV x2  
  49  4:24  Refinery  
  49  4:25  Banshee  
  49  4:29  Hellion  
  54  4:39  Supply Depot  
  54  4:59  Hellion  
  54  5:00  SCV  
  54  5:04  SCV  
  56  5:12  SCV  
  57  5:14  Armory  
  57  5:15  Factory  
  57  5:16  SCV  
  57  5:20  Hellion, Factory  
  60  5:22  Orbital Command  
  60  5:24  SCV  
  61  5:28  SCV  
  61  5:29  Refinery  
  61  5:33  Supply Depot  
  62  5:43  Starport Reactor  
  62  5:44  Hellion  
  62  5:45  Hellion  
  58  6:00  SCV x2  
  58  6:03  SCV  
  61  6:12  SCV x2  
  61  6:13  Siege Tank  
  61  6:14  Factory Tech Lab  
  61  6:15  SCV  
  67  6:23  Infernal Pre-Igniter  
  61  6:27  SCV x2  
  61  6:28  Hellion x2  
  67  6:33  Siege Tank  
  67  6:37  SCV  
  67  6:38  Factory  
  71  6:43  Terran Vehicle Weapons Level 1  
  71  6:46  Supply Depot  
  71  6:47  Orbital Command  
  75  6:54  Hellbat x2  
  75  6:57  Siege Tank  
  78  7:02  SCV  
  78  7:03  SCV  
  80  7:10  Supply Depot  
  80  7:12  Supply Depot  
  80  7:17  Supply Depot  
  80  7:19  Siege Tank  
  80  7:20  Hellbat x2  
  88  7:22  SCV  
  88  7:23  SCV x2  
  88  7:29  Siege Tank  
  93  7:35  Factory Tech Lab  
  93  7:38  Barracks Reactor  
  93  7:40  SCV x3  
  93  7:44  Factory  
  96  7:45  Hellbat x2  
  100  7:51  Siege Tank  
  100  7:52  SCV  
  100  7:54  SCV x2  
  100  7:57  Refinery  
  100  7:58  Supply Depot  
  106  8:02  Siege Tank  
  106  8:03  Refinery  
  109  8:07  Armory  
  109  8:12  Hellbat x2  
  113  8:15  Siege Tank  
  113  8:19  Medivac, SCV x2  
  120  8:28  SCV  
  120  8:31  SCV  
  120  8:32  Siege Tank  
  125  8:40  Terran Vehicle And Ship Armor Level 1  
  125  8:46  Siege Tank  
  124  8:51  Thor  
  122  8:57  Engineering Bay  
  120  9:04  Viking x2  
  61  9:48  Thor  
  53  10:06  Orbital Command  
  45  10:48  Orbital Command  
  29  11:03  Thor  
  35  11:14  Hellbat x2  
  35  11:16  Hellbat x2  
  34  11:33  SCV  
  35  11:42  Hellbat x4, Factory Tech Lab  
  35  11:43  Factory Tech Lab  
  35  11:45  SCV  
  44  11:59  SCV x2  
  46  12:11  SCV  
  46  12:12  Siege Tank x3  
  46  12:13  Hellbat x3  
  60  12:24  Orbital Command  
  60  12:27  SCV  
  61  12:35  Hellbat x4  
  69  12:44  Thor, Siege Tank  
  69  12:47  SCV  
  71  13:07  Siege Tank  
  74  13:16  Siege Tank  
  71  13:31  SCV x2  
  73  13:39  Hellbat x3  
  73  13:40  Hellbat  
  81  13:43  SCV x2  
  83  13:55  SCV  
  83  14:00  Hellbat x2  
  82  14:10  Command Center  
  82  14:14  Hellbat x3  
  82  14:15  Hellbat  
  90  14:19  Supply Depot  
  64  14:51  Hellbat x2  
  52  15:23  Thor  
  52  15:27  SCV x2  
  60  15:32  Orbital Command, Refinery  
  60  15:40  SCV  
  60  15:41  SCV  
  62  15:46  Hellbat x2  
  62  15:47  Hellbat x2  
  70  15:51  Thor  
  76  16:01  Orbital Command  
  76  16:16  Thor  
  76  16:17  Hellbat x3  
  76  16:18  Hellbat  
  90  16:26  SCV  
  90  16:27  SCV x2  
  90  16:32  Terran Vehicle And Ship Armor Level 2  
  93  16:39  SCV x2  
  85  16:56  SCV  
  85  16:57  SCV  
  85  17:00  Refinery x2  
  87  17:05  Refinery, Hellbat x2  
  87  17:06  Hellbat x3  
  103  17:27  SCV x3  
  103  17:28  Thor  
  106  17:31  Hellbat x4  
  114  17:39  SCV x3  
  120  17:50  Supply Depot  
  120  17:51  SCV  
  116  18:05  Siege Tank  
  115  18:41  Thor  
Tags
 
Add a new tag
Caveats
  • Supply blocks, unpowered buildings, or Contaminate may cause inaccurate times.
  • Supply counts are checked every 10 seconds.